Map: Ulrena

Players

IbTcTossOP

  • Race: Protoss Protoss
  • League: Gold

Seigifried - Winner!

  • Race: Protoss Protoss
  • League: Platinum

Event: Gauntlet LotV Series 1 Qualifier 2

VOD

Have the link to the VOD?

Description

Time

  • Played on: Dec. 5, 2015, 1:35 p.m.
  • Length: 8:25

All games in this series

Show
View Real Time Build Order
Export as new Build Order

IbTcTossOP Protoss 

Build Orders: 1 Gate Expand 

Get SALT Encoding   

  12  0:01  Probe (Chrono Boost)  
  13  0:11  Probe (Chrono Boost)  
  14  0:18  Pylon  
  14  0:22  Probe (Chrono Boost)  
  15  0:36  Probe (Chrono Boost)  
  15  0:38  Gateway  
  16  0:47  Probe (Chrono Boost)  
  17  0:58  Probe (Chrono Boost)  
  18  1:16  Probe (Chrono Boost)  
  19  1:20  Nexus  
  19  1:32  Cybernetics Core  
  19  1:34  Assimilator  
  19  1:36  Assimilator  
  19  1:43  Probe (Chrono Boost)  
  20  1:54  Gateway  
  20  1:56  Probe (Chrono Boost)  
  21  2:06  Pylon  
  21  2:09  Probe (Chrono Boost)  
  22  2:19  Probe (Chrono Boost)  
  23  2:23  Stalker (Chrono Boost)  
  23  2:25  Warp Gate (Chrono Boost)  
  25  2:30  Probe  
  25  2:32  Probe  
  27  2:42  Stalker (Chrono Boost)  
  31  2:51  Stalker (Chrono Boost)  
  31  3:00  Probe (Chrono Boost)  
  31  3:01  Probe (Chrono Boost)  
  33  3:06  Stalker  
  33  3:12  Mothership Core (Chrono Boost)  
  38  3:14  Probe (Chrono Boost)  
  38  3:26  Probe (Chrono Boost)  
  39  3:29  Robotics Facility  
  39  3:30  Probe (Chrono Boost)  
  40  3:37  Pylon  
  40  4:02  Probe x2 (Chrono Boost)  
  42  4:13  Probe x2 (Chrono Boost)  
  44  4:20  Observer  
  44  4:24  Probe x2 (Chrono Boost)  
  47  4:27  Assimilator  
  47  4:30  Assimilator  
  47  4:34  Stalker x2, Probe (Chrono Boost), Pylon  
  52  4:39  Gateway  
  52  4:40  Warp Prism  
  54  4:52  Probe x2 (Chrono Boost)  
  56  4:57  Twilight Council  
  56  5:02  Probe x2 (Chrono Boost)  
  56  5:03  Gateway  
  56  5:05  Gateway  
  58  5:09  Pylon  
  58  5:13  Probe (Chrono Boost)  
  60  5:14  Probe (Chrono Boost)  
  60  5:19  Adept  
  62  5:27  Probe (Chrono Boost)  
  63  5:33  Adept  
  65  5:43  Robotics Bay  
  65  5:44  Probe x2 (Chrono Boost)  
  65  5:46  Pylon  
  67  6:01  Pylon  
  71  6:04  Immortal  
  71  6:06  Adept x3  
  71  6:08  Nexus  
  77  6:24  Stalker  
  77  6:25  Stalker  
  81  6:29  Adept x2  
  83  6:53  Stalker  
  83  7:04  Adept x2  
  83  7:08  Disruptor (Chrono Boost)  
  83  7:10  Gateway  
  66  7:26  Adept x2  
  66  7:27  Adept x2  
  66  7:34  Stalker  
  68  7:40  Disruptor (Chrono Boost)  
  65  7:58  Stalker  
  65  7:59  Stalker x4  
Show
View Real Time Build Order
Export as new Build Order

Seigifried Protoss - Winner!

Build Orders:  

Get SALT Encoding   

  12  0:01  Probe (Chrono Boost)  
  13  0:13  Probe (Chrono Boost)  
  14  0:19  Pylon  
  14  0:23  Probe (Chrono Boost)  
  15  0:44  Probe (Chrono Boost)  
  15  0:47  Gateway  
  16  0:54  Probe (Chrono Boost)  
  17  1:03  Assimilator  
  17  1:05  Probe (Chrono Boost)  
  18  1:15  Pylon  
  18  1:16  Probe (Chrono Boost)  
  19  1:26  Probe (Chrono Boost)  
  20  1:35  Zealot  
  20  1:36  Cybernetics Core  
  20  1:37  Probe (Chrono Boost)  
  20  1:39  Assimilator  
  23  1:47  Probe (Chrono Boost)  
  23  1:48  Pylon  
  24  2:11  Nexus  
  24  2:16  Mothership Core (Chrono Boost)  
  24  2:20  Warp Gate  
  26  2:28  Pylon  
  26  2:34  Probe (Chrono Boost)  
  27  2:37  Stalker  
  29  2:50  Probe (Chrono Boost)  
  29  2:58  Gateway  
  29  3:00  Probe (Chrono Boost)  
  30  3:11  Probe (Chrono Boost)  
  31  3:21  Probe (Chrono Boost)  
  31  3:23  Robotics Facility  
  33  3:27  Probe (Chrono Boost)  
  33  3:32  Probe (Chrono Boost)  
  34  3:37  Probe (Chrono Boost)  
  35  3:42  Probe (Chrono Boost)  
  35  3:48  Probe (Chrono Boost)  
  37  3:53  Probe (Chrono Boost)  
  38  3:58  Probe (Chrono Boost)  
  39  4:03  Probe (Chrono Boost)  
  39  4:09  Probe (Chrono Boost)  
  41  4:13  Immortal  
  41  4:14  Probe (Chrono Boost)  
  41  4:16  Robotics Bay  
  46  4:19  Probe (Chrono Boost)  
  47  4:24  Gateway x2  
  47  4:28  Probe (Chrono Boost)  
  48  4:32  Probe (Chrono Boost)  
  48  4:33  Twilight Council  
  48  4:37  Assimilator  
  49  4:42  Stalker, Assimilator  
  51  4:52  Probe x2 (Chrono Boost)  
  53  4:54  Observer (Chrono Boost)  
  54  5:02  Probe (Chrono Boost)  
  54  5:03  Probe (Chrono Boost)  
  56  5:12  Probe  
  57  5:14  Disruptor (Chrono Boost)  
  60  5:21  Gateway, Blink (Chrono Boost)  
  60  5:22  Gateway  
  60  5:24  Pylon  
  59  5:29  Probe  
  59  5:30  Probe, Pylon  
  59  5:34  Pylon  
  61  5:46  Disruptor (Chrono Boost)  
  61  5:54  Stalker x2  
  61  5:55  Stalker x2  
  72  5:58  Pylon  
  72  6:21  Stalker  
  72  6:22  Stalker x3  
  83  6:27  Stalker  
  83  6:30  Observer, Pylon  
  82  6:45  Stalker x2  
  82  6:46  Stalker x3  
  92  6:52  Pylon  
  91  7:04  Probe  
  91  7:05  Probe  
  93  7:10  Forge  
  93  7:16  Nexus  
  93  7:18  Pylon  
  91  7:25  Disruptor  
  91  7:34  Stalker x3  
  91  7:35  Stalker  
  102  7:44  Pylon  
  102  7:53  Photon Cannon  
  102  7:55  Photon Cannon  
Tags
 
Add a new tag
Caveats
  • Supply blocks, unpowered buildings, or Contaminate may cause inaccurate times.
  • Supply counts are checked every 10 seconds.